 Dungeon Crawl Stone Soup version 0.29-a0-474-gdfe5cd140f (webtiles) character file.

Game seed: 14085137741559605559

63 xian the Skirmisher (level 3, -3/34 HPs)
             Began as a Minotaur Fighter on May 23, 2022.
             Slain by a gnoll
             ... wielding a +0 halberd
              (4 damage)
             ... on level 2 of the Dungeon.
             The game lasted 00:03:04 (1665 turns).

xian the Skirmisher (Minotaur Fighter)              Turns: 1665, Time: 00:03:04

Health: -3/34      AC:  8    Str: 22    XL:     3   Next: 87%
Magic:  2/2        EV:  5    Int:  5    God:
Gold:   60         SH:  0    Dex:  9    Spells: 2/2 levels left

rFire   . . .      SeeInvis .   a - +0 long sword
rCold   . . .      Faith    .   c - +0 buckler
rNeg    . . .      Spirit   .   b - +0 scale mail
rPois   .          Reflect  .   (helmet restricted)
rElec   .          Harm     .   (no cloak)
rCorr   .          Rampage  .   k - +0 pair of gloves
Will    .....                   (no boots)
Stlth   ..........              (no amulet)
HPRegen 0.11/turn               (no ring)
MPRegen 0.08/turn               (no ring)

@: held
A: horns 2, retaliatory headbutt
a: no special abilities


You were on level 2 of the Dungeon.
You visited 1 branch of the dungeon, and saw 2 of its levels.

You collected 60 gold pieces.

Inventory:

Hand Weapons
 a - a +0 long sword (weapon)
Missiles
 g - 4 poisoned darts (quivered)
Armour
 b - a +0 scale mail (worn)
 c - a +0 buckler (worn)
 k - a +0 pair of gloves (worn)
Scrolls
 e - a scroll of identify {unknown}
 f - a scroll of torment {unknown}
 j - 2 scrolls of fog {unknown}
Potions
 d - 2 potions of might
 h - 3 potions of curing {unknown}
 i - a potion of lignification {unknown}


   Skills:
 + Level 4.5 Fighting
 + Level 3.1 Long Blades
 + Level 4.3 Armour
 + Level 0.4 Dodging
 + Level 0.1 Stealth
 + Level 3.9 Shields


You had 2 spell levels left.
You didn't know any spells.
Your spell library was empty.

Dungeon Overview and Level Annotations

Branches:
Dungeon (2/15)

Altars:

Shops:
D:2 (


Innate Abilities, Weirdness & Mutations

You have a pair of horns on your head.
You reflexively headbutt those who attack you in melee.


Message History

There is a stone staircase leading down here.
There is a stone staircase leading up here.
The gnoll closely misses you.
You climb upwards.
There is a stone staircase leading down here.
You start resting.
HP restored.
You climb downwards.
The adder bites you but does no damage.
There is a stone staircase leading up here.
You closely miss the adder. Your headbutt misses the adder.
The adder barely misses you. You furiously retaliate!
You headbutt the adder. You block the adder's attack.
The gnoll hits you from afar with a +0 halberd!
You closely miss the adder.
The adder is heavily wounded.
The adder closely misses you. The gnoll barely misses you.
The adder bites you but does no damage.
You miss the adder.
The adder is heavily wounded.
The adder closely misses you. The gnoll closely misses you.
You block the gnoll's attack. The adder closely misses you.
You closely miss the adder.
The adder is heavily wounded.
The gnoll throws a throwing net.
The throwing net hits you.
You become entangled in the net!
The gnoll hits you from afar with a +0 halberd!
The adder completely misses you. The gnoll barely misses you.
The gnoll hits you from afar with a +0 halberd.
You tear a large gash into the net.
The adder bites you but does no damage.
The gnoll hits you from afar with a +0 halberd.
The adder bites you but does no damage.
The gnoll hits you from afar with a +0 halberd!
* * * LOW HITPOINT WARNING * * *
You struggle against the net.
The adder bites you but does no damage.
The gnoll hits you from afar with a +0 halberd.
* * * LOW HITPOINT WARNING * * *
The gnoll hits you but does no damage.
You struggle against the net.
The adder bites you but does no damage.
The gnoll hits you from afar with a +0 halberd.
You die...

#.#.#######[.###.......
#.#.# #####.....8####..
#.#.# #.......#..# #..
#.#.# #.###.....#####..
#.#.# #.# #............
#.#.# #.# #.##.######.#
#.#.# #.# #.##.# .#
#.#.###S###.##.####
#.....@............
######.##>#g########..
#......##g#.#
#.#######g#.#
#...........##########
#..######....Sg..g...#
#..# ############.#
#..# #.# #.)# #†#


You could see 3 gnolls and an adder.

Vanquished Creatures
  A gnoll (D:2)
  2 adders (D:2)
  2 bats (D:1)
  3 endoplasms (D:1)
  2 giant cockroaches (D:1)
  3 goblins (D:1)
  A hobgoblin (D:1)
  4 jackals (D:1)
  8 ball pythons
  2 frilled lizards
  3 kobolds
  3 rats (D:1)
34 creatures vanquished.

Notes
Turn   | Place    | Note
-------+----------+-------------------------------------------
     0 | D:1      | xian the Minotaur Fighter began the quest for the Orb.
     0 | D:1      | Reached XP level 1. HP: 19/19 MP: 0/0
   261 | D:1      | Reached XP level 2. HP: 21/27 MP: 1/1
   650 | D:1      | Reached XP level 3. HP: 33/33 MP: 2/2
  1081 | D:2      | Found Kytz's Antique Weapon Shoppe.
  1664 | D:2      | HP: 1/34 [gnoll/+0 halberd (1)]
  1665 | D:2      | Slain by a gnoll

Illustrated notes

Levels and vault maps discovered:
D:1:      minmay_arrival_three_doors, layout_rooms, serial_corexii_hall,
          chequers_hall_statues_y, corexii_hall_statues_deadend,
          dk_noncrumbling_2, corexii_hall_statues_t, patterned_corridor
D:2:      layout_loops_ring, serial_shops, nicolae_shop_statue_plus,
          nicolae_figureground_sparkle

Skill      XL: |  1  2  3 |
---------------+----------+-----
Armour         | 4 |  4.3
Fighting       | 4 |  4.5
Long Blades    | 3 |  3.1
Dodging        | |  0.4
Stealth        | |  0.1
Shields        | |  3.9

Action                   || total
-------------------------++-------
Melee: Long sword        ||    99
       Headbutt          ||     8
Armor: Scale mail        ||    69
Dodge: Dodged            ||    82
Block: Buckler           ||    29

Table legend: (Time is in decaauts)
 A = Elapsed time spent in this place.
 B = Non-inter-level travel time spent in this place.
 C = Inter-level travel time spent in this place.
 D = Time resting spent in this place.
 E = Time spent auto-exploring this place.
 F = Levels seen in this place.
 G = Mean time per level.
                   A        B        C        D        E       F      G
               +--------+--------+--------+--------+--------+-----+--------+
         Total |   1694 |   1694 |      0 |    542 |    756 |   2 |  847.0 |
       Dungeon |   1694 |   1694 |      0 |    542 |    756 |   2 |  847.0 |
               +--------+--------+--------+--------+--------+-----+--------+

Top non-repeatable levels by time:
     D:1: 1233 daAuts
     D:2: 460 daAuts
